 Dungeon Crawl Stone Soup version bcrawl-1.21 (webtiles) character file.

Game seed: 1337711002439022678

224 Freyura the Cudgeler (level 5, 0/47 HPs)
             Began as a Minotaur Fighter on Feb 9, 2020.
             Succumbed to a scorpion's poison
             ... on level 4 of the Dungeon.
             The game lasted 00:05:30 (2711 turns).

Freyura the Cudgeler (Minotaur Fighter)             Turns: 2711, Time: 00:05:30

Health: 0/47       AC:  9    Str: 26    XL:     5   Next: 67%
Magic:  4/4        EV:  7    Int:  5    God:
Gold:   141        SH: 11    Dex: 10    Spells: 4/4 levels left

rFire    + . .     SeeInvis .   a - +1 flail
rCold    . . .     Gourm    .   c - +1 shield
rNeg     . . .     Faith    .   i - +0 chain mail
rPois    .         Spirit   .   (helmet restricted)
rElec    .         Reflect  .   (no cloak)
rCorr    .         Harm     .   (no gloves)
MR       .....                  (no boots)
Stlth    ..........             (no amulet)
HPRegen  0.15/turn              f - ring of protection from fire
MPRegen  0.09/turn              (no ring)

@: mighty, lethally poisoned (0 -> -11)
A: retaliatory headbutt, horns 2
a: no special abilities


You were on level 4 of the Dungeon.
You were not hungry.

You visited 1 branch of the dungeon, and saw 4 of its levels.

You collected 141 gold pieces.

Inventory:

Hand Weapons
 a - a +1 flail (weapon)
Armour
 c - a +1 shield (worn)
 i - a +0 chain mail (worn)
Jewellery
 f - a ring of protection from fire (left hand)
Wands
 p - a wand of paralysis (3)
Scrolls
 h - 3 scrolls of identify
 j - 2 scrolls of enchant armour
 k - a scroll of immolation {unknown}
 m - a scroll of enchant weapon
 n - a scroll of teleportation {unknown}
 o - a scroll of amnesia {unknown}
Potions
 b - a potion of lignification {unknown}
 g - 3 potions of invisibility
 l - a potion of haste {unknown}
 q - a potion of resistance {unknown}
Comestibles
 e - 7 rations {!d}


   Skills:
 + Level 4.5 Fighting
 * Level 4.6 Maces & Flails
 + Level 4.5 Armour
 + Level 2.2 Dodging
 + Level 4.5 Shields


You had 4 spell levels left.
You didn't know any spells.
Your spell library was empty.

Dungeon Overview and Level Annotations

Branches:
Dungeon (4/12)
 Temple: D:4-7

Altars:
Qazlal


Innate Abilities, Weirdness & Mutations

You reflexively headbutt those who attack you in melee.
You have a pair of horns on your head.


Message History

You closely miss Robin.
* * * LOW HITPOINT WARNING * * *
You feel sick. The goblin hits you with a +0 club.
* * * LOW HITPOINT WARNING * * *
The goblin closely misses you. You furiously retaliate!
You headbutt the goblin!
You kill the goblin!
Robin throws the goblin at you!
Your shield and chain mail prevent you from hitting Robin.
You headbutt Robin!
You kill Robin!
* * * LOW HITPOINT WARNING * * *
You feel sick.
An adder skeleton comes into view.
The goblin hits you but does no damage.
You bludgeon the goblin!!
You kill the goblin!
* * * LOW HITPOINT WARNING * * *
You feel sick. You block the scorpion's attack.
You die...

#..
#######.#
........# .#
##.<###..###
#.#.....#..
##.#####.#
#..###.#
#..)#.#
#..#@#
#..#)#
#..s).#
##.#..#
.......
###......
.....#Z#
PP..#.#
.≈......


You could see a scorpion and an adder skeleton.

Vanquished Creatures
  A centaur zombie (D:4)
  2 orc wizards
  Robin (D:4)
  A howler monkey zombie (D:4)
  An adder (D:3)
  2 oozes
  A worm (D:2)
  A dart slug (D:1)
  3 leopard geckos
  8 orcs
  A ball python (D:1)
  2 giant cockroaches
  17 goblins
  9 hobgoblins
  4 quokkas
  4 bats
  3 frilled lizards
  14 kobolds
  A quokka zombie (D:4)
  9 rats
85 creatures vanquished.

Notes
Turn   | Place    | Note
-------+----------+-------------------------------------------
     0 | D:1      | Freyura the Minotaur Fighter began the quest for the Orb.
     0 | D:1      | Reached XP level 1. HP: 19/19 MP: 0/0
   356 | D:1      | Reached XP level 2. HP: 26/27 MP: 1/1
   907 | D:1      | Reached XP level 3. HP: 33/33 MP: 2/2
  1279 | D:2      | Reached skill level 1 in Dodging
  1753 | D:2      | Reached XP level 4. HP: 38/40 MP: 3/3
  1876 | D:2      | Noticed an earth elemental
  1878 | D:2      | Found a stormy altar of Qazlal.
  1881 | D:2      | Noticed a fire elemental
  1881 | D:2      | Noticed an air elemental
  1881 | D:2      | Noticed a water elemental
  2394 | D:3      | Reached XP level 5. HP: 47/47 MP: 4/4
  2682 | D:4      | Noticed Robin
  2709 | D:4      | Killed Robin
  2710 | D:4      | HP: 2/47 [poisoned by a scorpion]
  2711 | D:4      | Succumbed to a scorpion's poison

Skill      XL: |  1  2  3  4  5 |
---------------+----------------+-----
Maces & Flails | 3 4 |  4.6
Armour         | 4 |  4.5
Fighting       | 4 |  4.5
Dodging        | 1 2 |  2.2
Shields        | 4 |  4.5

Action                   |  1- 3 |  4- 6 || total
-------------------------+-------+-------++-------
Melee: Flail             |   120 |    82 ||   202
       Headbutt          |    24 |     8 ||    32
  Use: Scroll            |       |     5 ||     5
       Potion            |       |     1 ||     1
  Eat: Chunk             |     3 |     3 ||     6
Armor: Scale mail        |    20 |       ||    20
       Chain mail        |    33 |    58 ||    91
Dodge: Dodged            |    22 |    30 ||    52
Block: Shield            |    57 |    56 ||   113
